 Dungeon Sprint DCSS version 0.22-a0-305-gd21a89c (webtiles) character file.

4 w00t the Skirmisher (level 1, -7/15 HPs)
             Began as a Gargoyle Fighter on Mar 31, 2018.
             Mangled by an ogre
             ... wielding a +0 giant spiked club
              (22 damage)
             ... in the Dungeon (Sprint IX: "|||||||||||||||||||||||||||||").
             The game lasted 00:00:08 (55 turns).

w00t the Skirmisher (Gargoyle Fighter)                Turns: 55, Time: 00:00:09

Health: -7/15      AC:  9    Str: 19    XL:     1   Next: 70%
Magic:  1/1        EV:  7    Int:  8    God:
Gold:   0          SH:  9    Dex:  9    Spells: 0/0 levels left

rFire    . . .     SeeInvis .   a - +0 flail
rCold    . . .     Gourm    .   c - +0 shield
rNeg     + . .     Faith    .   b - +0 scale mail
rPois    ∞         Spirit   .   (no helmet)
rElec    +         Reflect  .   (no cloak)
rCorr    .         Harm     .   (no gloves)
MR       .....     NoTele   +   (no boots)
Stlth    ..........             (no amulet)
HPRegen  0.05/turn              (no ring)
MPRegen  0.07/turn              (no ring)

@: no status effects
A: negative energy resistance 1, electricity resistance, unbreathing,
petrification resistance, rot immunity, AC +2
a: no special abilities


You were in the Dungeon.
You were not hungry.

You visited 1 branch

Inventory:

Hand Weapons
 a - a +0 flail (weapon)
Missiles
 m - 2 stones (quivered)
Armour
 b - a +0 scale mail (worn)
 c - a +0 shield (worn)
Scrolls
 k - a scroll of blinking {!r}
Potions
 d - a potion of might
 e - a potion of curing {@q1}
 g - a potion of heal wounds {@q2}
 h - a potion of haste
 i - 2 potions of magic
 j - a potion of berserk rage {!q}
Comestibles
 f - a ration
 l - a chunk of flesh


   Skills:
 * Level 4.0 Fighting
 * Level 2.7 Maces & Flails
 + Level 3.6 Armour
 + Level 0.7 Dodging
 - Level 3.2 Shields


You couldn't memorise any spells.
You didn't know any spells.

Dungeon Overview and Level Annotations

Branches:
Dungeon (1/1)

Altars:


Innate Abilities, Weirdness & Mutations

You are resistant to torment.
Your stone body is resilient. (AC +2)
You are immune to poison.
You resist negative energy. (rN+)
You are resistant to electric shocks. (rElec)
You can survive without breathing.
You are immune to petrification.
You are immune to rotting.


Message History

Things that are here:
a dagger; a whip; a kobold corpse
m - a stone
There is an open door to the Dungeon here.
m - 2 stones (gained 1)
There is an open door to the Dungeon here.
Things that are here:
a dagger; a whip; a kobold corpse
Things that are here:
a club; a kobold corpse You open the door.
A worker ant, a gnoll shaman and 3 ogres come into view.
The ogre shouts! x2
The worker ant twitches its antennae in your direction.
The gnoll shaman shouts!
The ogre shouts!
You sock the ogre!
The ogre is moderately wounded.
The ogre hits you with a giant spiked club!!
Ouch! That really hurt!
You die... ▓▓▓▓▓▓▓▓▓▓▓▓▓▓▓▓▓▓ ▓<...'))..@OOa.gO+ ▓▓▓▓▓▓▓▓▓▓▓▓▓▓▓▓▓▓

You could see 3 ogres, a gnoll shaman and a worker ant.

Vanquished Creatures
  A goblin (D)
  2 bats (D)
  2 kobolds (D)
5 creatures vanquished.

Notes
Turn   | Place    | Note
-------+----------+-------------------------------------------
     0 | D        | w00t the Gargoyle Fighter began the quest for the Orb.
     0 | D        | Reached XP level 1. HP: 14/14 MP: 1/1
    20 | D        | Reached skill level 4 in Fighting
    54 | D        | Noticed an ogre
    54 | D        | Noticed an ogre
    54 | D        | Noticed a worker ant
    54 | D        | Noticed a gnoll shaman
    54 | D        | Noticed an ogre
    55 | D        | Mangled by an ogre

Vault maps used:
D:        linesprint

Skill      XL: |  1 |
---------------+----+-----
Fighting       | 4 |  4.0
Maces & Flails | |  2.7
Armour         | |  3.6
Dodging        | |  0.7
Shields        | |  3.2

Action                   || total
-------------------------++-------
Melee: Flail             ||    16
Armor: Scale mail        ||     7
Dodge: Dodged            ||     6
Block: Shield            ||     7

Table legend:
 A = Spawn XP
 B = Non-spawn XP
 C = Spawn XP percentage of total XP
 D = Spawn monster count
 E = Non-spawn monster count
 F = Spawn count percentage of total count
 G = Total turns spent on level
                    A         B        C        D         E        F      G
               +---------+---------+-------+---------+---------+-------+---------
         Total |       0 |       7 |   0.0 |       0 |       5 |   0.0 |    55
               +---------+---------+-------+---------+---------+-------+---------
             D |       0 |       7 |   0.0 |       0 |       5 |   0.0 |    55
               +---------+---------+-------+---------+---------+-------+---------
